Map: [ESL] Hard Lead

Players

Scarlett

  • Race: Zerg Zerg
  • Spawn Location: 11:00

Cham - Winner!

  • Race: Zerg Zerg
  • Spawn Location: 5:00

Event: ESL SC2 Masters 2023 Winter (Regional)

VOD

Have the link to the VOD?

Description

Time

  • Played on: Nov. 17, 2023, 2:43 p.m.
  • Length: 9:04

All games in this series

Show
View Real Time Build Order
Export as new Build Order

Scarlett Zerg 

Build Orders: Hatch First 

Get SALT Encoding   

  12  0:00  Drone  
  13  0:12  Overlord  
  13  0:17  Drone  
  14  0:30  Drone x2  
  16  0:46  Hatchery  
  15  0:50  Drone  
  15  0:54  Drone  
  17  0:57  Drone  
  18  1:08  Extractor  
  17  1:12  Spawning Pool  
  17  1:15  Drone  
  17  1:18  Drone  
  18  1:27  Drone  
  19  1:38  Drone  
  20  1:49  Drone  
  21  1:59  Queen x2  
  21  2:00  Zergling x2, Overlord  
  26  2:07  Metabolic Boost  
  26  2:10  Drone  
  26  2:11  Drone  
  28  2:20  Drone  
  28  2:21  Drone  
  30  2:32  Drone x2  
  32  2:38  Hatchery  
  32  2:42  Drone  
  32  2:46  Queen  
  32  2:51  Overlord  
  34  2:53  Drone  
  34  2:55  Drone  
  36  3:09  Zergling x12  
  36  3:12  Zergling x4  
  44  3:17  Overlord  
  44  3:32  Roach Warren  
  42  3:43  Zergling x20  
  42  3:48  Overlord  
  51  3:52  Overlord  
  51  4:01  Drone x3  
  49  4:14  Roach x3  
  49  4:16  Roach x4  
  63  4:20  Roach  
  63  4:21  Roach  
  66  4:26  Baneling Nest  
  61  4:34  Zergling x10  
  66  4:41  Zergling x6  
  69  4:54  Zergling x10  
  69  4:57  Overlord x2  
  73  5:16  Zergling x20  
  73  5:20  Zergling x6  
  78  5:23  Zergling x4  
  78  5:27  Zergling x2  
  68  5:30  Zergling x2  
  68  5:35  Baneling x2  
  59  5:36  Baneling x2  
  59  5:42  Drone x3  
  58  5:43  Drone  
  58  5:44  Drone  
  58  5:46  Drone x3  
  60  5:58  Drone x3  
  63  6:11  Drone x10  
  69  6:15  Drone x5  
  74  6:24  Roach x4  
  82  6:27  Extractor  
  82  6:31  Roach  
  83  6:36  Extractor  
  82  6:40  Baneling x2  
  71  6:48  Roach  
  71  6:49  Zergling x12  
  79  6:56  Zergling x8, Overlord  
  83  7:05  Zergling x6  
  86  7:14  Zergling x10  
  90  7:18  Roach  
  90  7:21  Roach x3  
  98  7:25  Overlord x2  
  98  7:29  Lair  
  98  7:32  Extractor  
  98  7:33  Drone, Evolution Chamber  
  97  7:38  Drone  
  98  7:44  Drone x8  
  98  7:50  Drone x4  
  110  7:57  Drone x2  
  108  8:04  Drone x2  
  106  8:09  Drone x6  
  106  8:12  Extractor  
  111  8:14  Extractor, Overlord  
  111  8:15  Hatchery  
  111  8:16  Overlord  
  109  8:20  Overlord  
  109  8:22  Roach  
  109  8:24  Overlord, Spine Crawler  
  109  8:26  Roach  
  113  8:29  Spine Crawler  
  113  8:30  Baneling x11  
  117  8:41  Roach x6  
Show
View Real Time Build Order
Export as new Build Order

Cham Zerg - Winner!

Build Orders: Hatch First 

Get SALT Encoding   

  12  0:00  Drone  
  13  0:12  Overlord  
  13  0:17  Drone  
  14  0:31  Drone x2  
  16  0:48  Hatchery  
  15  0:51  Drone  
  15  0:55  Drone  
  17  0:58  Drone  
  18  1:11  Spawning Pool  
  18  1:12  Extractor  
  18  1:17  Drone  
  17  1:19  Drone  
  18  1:28  Drone  
  19  1:41  Drone  
  20  1:52  Drone  
  21  1:59  Queen  
  21  2:00  Drone, Queen, Overlord  
  26  2:11  Drone x2  
  28  2:16  Metabolic Boost  
  28  2:22  Zergling x4  
  30  2:34  Hatchery  
  29  2:41  Baneling Nest  
  29  2:43  Drone x2  
  30  2:49  Overlord  
  30  2:51  Drone  
  31  3:03  Drone x2  
  33  3:06  Overlord  
  33  3:09  Drone  
  33  3:10  Zergling x2  
  33  3:11  Zergling x4  
  37  3:15  Zergling x4  
  37  3:17  Zergling x2  
  40  3:23  Queen  
  41  3:41  Zergling x4  
  41  3:42  Zergling x12  
  41  3:47  Overlord  
  48  3:55  Zergling x8  
  47  4:04  Drone x2  
  47  4:13  Zergling x6  
  47  4:16  Baneling x2  
  50  4:19  Zergling x12  
  50  4:21  Zergling x2  
  56  4:27  Overlord  
  56  4:28  Drone  
  56  4:30  Zergling x2  
  55  4:35  Zergling x4  
  57  4:41  Overlord  
  57  4:42  Zergling x4  
  57  4:45  Overlord  
  58  4:46  Zergling x2  
  58  4:52  Zergling x6  
  62  4:57  Baneling x2  
  62  4:58  Zergling x4  
  62  4:59  Baneling  
  64  5:00  Zergling x2  
  64  5:04  Zergling x4  
  64  5:05  Zergling x2  
  67  5:08  Zergling x2  
  67  5:20  Zergling x14  
  65  5:27  Zergling x4, Baneling x2  
  55  5:30  Zergling x4  
  55  5:32  Zergling x2  
  55  5:34  Drone  
  52  5:39  Drone x2  
  52  5:42  Zergling x4, Baneling  
  53  5:45  Zergling x4  
  53  5:48  Baneling  
  55  5:50  Zergling x2  
  55  6:01  Baneling x3  
  55  6:03  Drone x4  
  59  6:07  Roach Warren  
  59  6:08  Zergling x2  
  59  6:09  Zergling x2, Extractor  
  54  6:17  Queen  
  56  6:20  Queen  
  56  6:24  Baneling  
  56  6:25  Baneling  
  58  6:29  Drone x2  
  58  6:31  Overlord  
  60  6:33  Drone x2  
  59  6:48  Roach x6  
  59  6:50  Roach  
  75  6:54  Roach  
  75  6:57  Overlord  
  75  6:58  Roach  
  77  7:01  Roach  
  77  7:06  Roach x2  
  77  7:07  Roach  
  85  7:10  Roach  
  85  7:15  Roach x2  
  90  7:21  Roach x2  
  94  7:24  Overlord  
  94  7:27  Roach x2  
  98  7:33  Overlord  
  98  7:36  Roach x2  
  102  7:42  Roach, Overlord  
  102  7:43  Roach  
  106  7:46  Roach  
  108  7:52  Roach  
  108  7:54  Overlord  
  108  7:55  Roach  
  106  7:59  Roach, Overlord  
  105  8:06  Roach  
  105  8:08  Overlord x2  
  105  8:11  Roach  
  109  8:15  Zergling x6  
  109  8:16  Zergling x2  
  109  8:18  Zergling x2  
  113  8:20  Zergling x2  
  113  8:22  Zergling x2  
  113  8:24  Ravager  
  116  8:29  Baneling  
  116  8:32  Zergling x10  
  116  8:33  Baneling  
  121  8:39  Zergling x6  
  121  8:43  Zergling x2  
Tags
 
Add a new tag
Caveats
  • Supply blocks, unpowered buildings, or Contaminate may cause inaccurate times.
  • Supply counts are checked every 10 seconds.